Map: New Repugnancy LE

Players

Straakh - Winner!

  • Race: Zerg Zerg
  • League: Silver
  • Spawn Location: 7:00

Malikite

  • Race: Terran Terran
  • League: Gold
  • Spawn Location: 1:00

VOD

Have the link to the VOD?

Description

Time

  • Played on: June 28, 2019, 4:39 p.m.
  • Length: 6:22
Show
View Real Time Build Order
Export as new Build Order

Straakh Zerg - Winner!

Build Orders: Pool First 

Get SALT Encoding   

  12  0:01  Drone  
  13  0:08  Drone  
  14  0:17  Overlord  
  14  0:29  Extractor  
  14  0:35  Drone x2  
  14  0:36  Drone  
  16  0:50  Spawning Pool  
  15  0:59  Drone x2  
  17  1:23  Overlord  
  17  1:40  Hatchery  
  17  1:44  Lair  
  16  1:53  Drone x2  
  18  1:59  Extractor  
  17  2:06  Spine Crawler  
  16  2:14  Metabolic Boost  
  16  2:21  Zergling x6  
  19  2:48  Drone x2  
  21  2:58  Infestation Pit  
  20  3:15  Spire  
  19  3:32  Overlord x2  
  19  3:42  Drone x2  
  21  3:53  Zergling x4  
  19  4:05  Zergling x2  
  20  4:14  Zergling x4  
  22  4:21  Drone  
  23  4:32  Burrow  
  23  4:56  Drone x2  
  23  4:57  Drone x2  
  22  5:09  Zergling x4  
  23  5:16  Zergling x2  
  23  5:20  Zergling x2  
  24  5:23  Zergling x2  
  25  5:36  Zergling x6  
  26  5:51  Zergling x8  
Show
View Real Time Build Order
Export as new Build Order

Malikite Terran 

Build Orders:  

Get SALT Encoding   

  12  0:01  SCV  
  13  0:13  SCV  
  14  0:17  Supply Depot  
  14  0:25  SCV  
  15  0:30  Refinery  
  15  0:39  SCV  
  16  0:46  Barracks  
  16  0:54  SCV  
  17  1:04  Refinery  
  17  1:06  SCV  
  18  1:17  Barracks  
  18  1:21  SCV  
  19  1:33  Supply Depot, SCV  
  20  1:45  SCV  
  21  1:47  Barracks Reactor  
  21  1:56  Barracks  
  21  2:04  Barracks Reactor  
  21  2:13  Supply Depot  
  21  2:17  Supply Depot  
  21  2:19  SCV  
  22  2:23  Reaper  
  22  2:25  Reaper  
  24  2:39  SCV  
  24  2:42  Reaper x2  
  27  2:44  Barracks Reactor  
  27  2:57  Engineering Bay  
  27  2:58  Reaper  
  27  2:59  Reaper  
  29  3:15  Reaper  
  29  3:17  Reaper  
  31  3:26  Supply Depot x2  
  26  4:22  Reaper x6  
  18  5:19  Reaper  
  18  5:20  Reaper  
Tags
 
Add a new tag
Caveats
  • Supply blocks, unpowered buildings, or Contaminate may cause inaccurate times.
  • Supply counts are checked every 10 seconds.